 Dungeon Crawl Stone Soup version 0.31-a0-924-ge39a22a033 (webtiles) character file.

Game seed: 1870051448485393915

251 Pixllover the Chopper (level 6, -1/50 HPs)
             Began as a Gnoll Reaver on Oct 18, 2023.
             Slain by a howler monkey (6 damage)
             ... on level 4 of the Dungeon.
             The game lasted 00:06:43 (2635 turns).

Pixllover the Chopper (Gnoll Reaver)                Turns: 2635, Time: 00:06:44

Health: -1/50      AC: 14    Str: 13    XL:     6   Next: 13%
Magic:  14/14      EV:  4    Int: 12    God:
Gold:   118        SH:  0    Dex: 11    Spells: 14/15 levels left

rFire   . . .        l - +0 war axe
rCold   . . .        (no shield)
rNeg    + . .        n - +0 plate armour
rPois   .            (no helmet)
rElec   .            (no cloak)
rCorr   .            (no gloves)
SInv    .            (no boots)
Will    .....        (no amulet) Stlth
                     d - ring of positive energy
HPRegen 0.28/turn    a - +4 ring of protection
MPRegen 0.14/turn

%: no passive effects
@: no status effects
A: fangs 1, strong nose, distributed training
a: no special abilities


You were on level 4 of the Dungeon.
You visited 1 branch of the dungeon, and saw 4 of its levels.

You collected 138 gold pieces.
You spent 20 gold pieces at shops.

Inventory:

Hand Weapons
 l - a +0 war axe (weapon)
Missiles
 g - a throwing net
Armour
 n - a +0 plate armour (worn)
Jewellery
 a - a +4 ring of protection (right hand)
 d - a ring of positive energy (left hand)
Scrolls
 b - a scroll of enchant weapon {unknown}
 c - a scroll of blinking {unknown}
 e - 3 scrolls of teleportation {unknown}
 i - 3 scrolls of immolation {unknown}
 j - a scroll of torment {unknown}
 m - a scroll of fear {unknown}
 o - a scroll of enchant armour
 p - a scroll of vulnerability {unknown}
 s - a scroll of identify
Potions
 f - a potion of lignification
 h - a potion of brilliance {unknown}
 k - a potion of haste {unknown}
 q - a potion of heal wounds {unknown}
 r - a potion of attraction {unknown}


   Skills:
 + Level 4.9 Fighting
 + Level 1.8 Short Blades
 + Level 1.8 Long Blades
 + Level 6.8 Axes
 + Level 1.8 Maces & Flails
 + Level 1.8 Polearms
 + Level 1.8 Staves
 + Level 1.8 Ranged Weapons
 + Level 1.8 Throwing
 + Level 1.8 Armour
 + Level 4.9 Dodging
 + Level 1.8 Stealth
 + Level 1.8 Shields
 + Level 1.8 Unarmed Combat
 + Level 5.3 Spellcasting
 + Level 5.6 Conjurations
 + Level 1.4 Hexes
 + Level 1.4 Summonings
 + Level 1.4 Necromancy
 + Level 1.4 Translocations
 + Level 1.4 Transmutations
 + Level 1.4 Fire Magic
 + Level 1.4 Ice Magic
 + Level 1.4 Air Magic
 + Level 1.4 Earth Magic
 + Level 1.4 Poison Magic
 + Level 2.0 Invocations
 + Level 1.8 Evocations
 + Level 1.6 Shapeshifting


You had 14 spell levels left.
You knew the following spells:

 Your Spells              Type           Power      Damage    Failure   Level
a - Kiss of Death         Conj/Necr      44%        2d8       100%        1

Your spell library contained the following spells:

 Spells                   Type           Power      Damage    Failure   Level
 Momentum Strike          Conj/Tloc      22%        3d8       100%        2
 Dazzling Flash           Conj/Hex       22%        N/A       100%        3
 Hailstorm                Conj/Ice       11%        3d5       100%        3
 Volatile Blastmotes      Fire/Tloc      12%        2d11      100%        3
 Starburst                Conj/Fire      5%         6d4       100%        6
 Maxwell's Capacitive Co  Air            3%         ∞         100%        8


Dungeon Overview and Level Annotations

Branches:
Dungeon (4/15)
 Temple: D:4-7

Altars:
Makhleb
Uskayaw

Shops:
D:1 *


Innate Abilities, Weirdness & Mutations

You have very sharp teeth.
Your uncanny sense of smell can sniff out nearby items.
Your experience applies equally to all skills.


Message History

The gnoll shouts!
The howler monkey hits you but does no damage.
The howler monkey hoots and howls with incredible vigour!
You hear a shout!
You closely miss the howler monkey.
The howler monkey hits you but does no damage.
You hit the howler monkey but do no damage.
Your bite misses the howler monkey. The howler monkey barely misses you.
The howler monkey hits you but does no damage.
You hit the howler monkey.
The howler monkey is lightly wounded.
The howler monkey hits you but does no damage.
The gnoll barely misses you.
You closely miss the howler monkey.
The howler monkey is lightly wounded.
The howler monkey hits you.
The gnoll hits you but does no damage. x2
The howler monkey hits you but does no damage.
You closely miss the howler monkey.
The howler monkey is lightly wounded.
The gnoll hits you but does no damage. x2
The howler monkey hits you but does no damage.
You closely miss the howler monkey. Your bite misses the howler monkey.
The howler monkey is lightly wounded.
The howler monkey hits you. The gnoll barely misses you.
The gnoll hits you from afar with a +0 spear!
* * * LOW HITPOINT WARNING * * *
You closely miss the howler monkey.
The howler monkey is lightly wounded.
The howler monkey hits you but does no damage.
A goblin comes into view. It is wielding a +0 dagger.
The gnoll hits you but does no damage. x2
The howler monkey hoots and howls with incredible vigour!
You hit the howler monkey but do no damage.
The howler monkey is lightly wounded.
The gnoll hits you from afar with a +0 spear.
* * * LOW HITPOINT WARNING * * *
The gnoll hits you from afar with a +0 spear.
* * * LOW HITPOINT WARNING * * *
The howler monkey hits you.
You die...

........#<#......
#..........#
.......)#.#......
#..........# ...........
#+## #..........#
.......##.## #..........#
.......##..# #...[......#
#######.##.# #..........#
∆ ∆
.##.#(###+#####..........#
#..........#############
#....gh@..)..#####
.g...g....)#.....#
##.....).........#####
#.......#~##........##
#.....~##≈≈###..###..#
#.....#≈≈#≈≈≈≈..# ##.#
##.#.~ ≈≈≈≈#≈##..# #.##
#.#.≈≈#≈ ≈≈≈≈#..# #.#. #≈
≈≈≈≈≈≈..###...


You could see a howler monkey (catching breath), 2 gnolls and a goblin.

Vanquished Creatures
  A hound (D:4)
  A sleepcap (D:4)
  2 orc wizards (D:4)
  2 gnolls (D:4)
  6 adders
  3 worms (D:2)
  A dart slug (D:3)
  6 orcs
  2 endoplasms
  2 giant cockroaches
  4 goblins
  5 hobgoblins
  4 jackals (D:4)
  5 kobolds
  2 quokkas
  9 ball pythons
  A bat (D:1)
  3 frilled lizards
  4 rats
63 creatures vanquished.

Notes
Turn   | Place    | Note
-------+----------+-------------------------------------------
     0 | D:1      | Pixllover the Gnoll Reaver began the quest for the Orb.
     0 | D:1      | Reached XP level 1. HP: 20/20 MP: 6/6
   163 | D:1      | Reached XP level 2. HP: 26/26 MP: 7/7
   380 | D:1      | Found Zeec's General Store.
   500 | D:2      | Found a faded altar of an unknown god.
   711 | D:1      | Bought a scroll of identify for 20 gold pieces
   891 | D:2      | Found a hide-covered altar of Uskayaw.
   897 | D:2      | Reached skill level 5 in Spellcasting
   897 | D:2      | Reached XP level 3. HP: 30/31 MP: 7/9
  1024 | D:2      | Reached skill level 1 in Invocations
  1303 | D:2      | Reached skill level 1 in Short Blades
  1303 | D:2      | Reached skill level 1 in Long Blades
  1303 | D:2      | Reached skill level 1 in Maces & Flails
  1303 | D:2      | Reached skill level 1 in Polearms
  1303 | D:2      | Reached skill level 1 in Staves
  1303 | D:2      | Reached skill level 1 in Ranged Weapons
  1303 | D:2      | Reached skill level 1 in Throwing
  1303 | D:2      | Reached skill level 1 in Armour
  1303 | D:2      | Reached skill level 1 in Stealth
  1303 | D:2      | Reached skill level 1 in Shields
  1303 | D:2      | Reached skill level 1 in Unarmed Combat
  1303 | D:2      | Reached skill level 1 in Evocations
  1600 | D:3      | Reached skill level 1 in Shapeshifting
  1600 | D:3      | Reached XP level 4. HP: 38/38 MP: 11/11
  1725 | D:3      | Reached skill level 1 in Hexes
  1725 | D:3      | Reached skill level 1 in Summonings
  1725 | D:3      | Reached skill level 1 in Necromancy
  1725 | D:3      | Reached skill level 1 in Translocations
  1725 | D:3      | Reached skill level 1 in Transmutations
  1725 | D:3      | Reached skill level 1 in Fire Magic
  1725 | D:3      | Reached skill level 1 in Ice Magic
  1725 | D:3      | Reached skill level 1 in Air Magic
  1725 | D:3      | Reached skill level 1 in Earth Magic
  1725 | D:3      | Reached skill level 1 in Poison Magic
  2090 | D:3      | Found a burning altar of Makhleb.
  2184 | D:4      | Reached XP level 5. HP: 22/43 MP: 12/12
  2555 | D:4      | Reached XP level 6. HP: 41/50 MP: 13/13
  2635 | D:4      | Slain by a howler monkey

Illustrated notes

Levels and vault maps discovered:
D:1:      elethiomel_arrival_shortcut, layout_rooms, serial_shops,
          nicolae_square_shop
D:2:      layout_basic, shapermc_ecumenical_altar_pompeii, basic_altar
D:3:      layout_rooms, lightli_temple_of_fire
D:4:      layout_basic, minivault_4

Skill      XL: |  1  2  3  4  5 |
---------------+----------------+-----
Spellcasting   | 5 |  5.3
Invocations    | 1 2 |  2.0
Short Blades   | 1 |  1.8
Long Blades    | 1 |  1.8
Maces & Flails | 1 |  1.8
Polearms       | 1 |  1.8
Staves         | 1 |  1.8
Ranged Weapons | 1 |  1.8
Throwing       | 1 |  1.8
Armour         | 1 |  1.8
Stealth        | 1 |  1.8
Shields        | 1 |  1.8
Unarmed Combat | 1 |  1.8
Evocations     | 1 |  1.8
Shapeshifting  | 1 |  1.6
Hexes          | 1 |  1.4
Summonings     | 1 |  1.4
Necromancy     | 1 |  1.4
Translocations | 1 |  1.4
Transmutations | 1 |  1.4
Fire Magic     | 1 |  1.4
Ice Magic      | 1 |  1.4
Air Magic      | 1 |  1.4
Earth Magic    | 1 |  1.4
Poison Magic   | 1 |  1.4
Fighting       | |  4.9
Axes           | |  6.8
Dodging        | |  4.9
Conjurations   | |  5.6

Action                     |  1- 3 |  4- 6 || total
---------------------------+-------+-------++-------
  Melee: Hand axe          |    17 |       ||    17
         Bite              |    11 |     7 ||    18
         War axe           |    82 |   105 ||   187
         Punch             |     1 |       ||     1
    Use: Scroll            |     3 |       ||     3
 Armour: Chain mail        |    83 |    12 ||    95
         Ring mail         |     1 |       ||     1
         Plate armour      |       |   123 ||   123
  Dodge: Dodged            |    39 |    34 ||    73

Table legend: (Time is in decaauts)
 A = Elapsed time spent in this place.
 B = Non-inter-level travel time spent in this place.
 C = Inter-level travel time spent in this place.
 D = Time resting spent in this place.
 E = Time spent auto-exploring this place.
 F = Levels seen in this place.
 G = Mean time per level.
                   A        B        C        D        E       F      G
               +--------+--------+--------+--------+--------+-----+--------+
         Total |   2664 |   2388 |    276 |    146 |   1302 |   4 |  666.0 |
       Dungeon |   2664 |   2388 |    276 |    146 |   1302 |   4 |  666.0 |
               +--------+--------+--------+--------+--------+-----+--------+

Top non-repeatable levels by time:
     D:2: 912 daAuts
     D:1: 660 daAuts
     D:3: 575 daAuts
     D:4: 516 daAuts
